 Dungeon Crawl Stone Soup version 0.29.0-13-gc9e81de378 (webtiles) character file.

Game seed: 13874603057279641809

46 inmateoo the Sneak (level 3, -1/26 HPs)
             Began as an Octopode Monk on Sept 10, 2022.
             Slain by a hobgoblin (3 damage)
             ... on level 2 of the Dungeon.
             The game lasted 00:01:11 (1364 turns).

inmateoo the Sneak (Octopode Monk)                  Turns: 1364, Time: 00:01:12

Health: -1/26      AC:  1    Str: 10    XL:     3   Next: 66%
Magic:  4/4        EV: 14    Int: 14    God:
Gold:   63         SH:  0    Dex: 14    Spells: 4/4 levels left

rFire   . . .      SeeInvis .     - Unarmed
rCold   . . .      Faith    .   (no shield)
rNeg    . . .      Spirit   .   (helmet restricted)
rPois   .          Reflect  .   (no amulet)
rElec   .          Harm     .   (no ring)
rCorr   .          Rampage  .   (no ring)
Will    .....                   (no ring)
Stlth   +++.......              (no ring)
HPRegen 0.08/turn               (no ring)
MPRegen 0.09/turn               (no ring)
                                (no ring)
                                (no ring)

@: no status effects
A: almost no armour, amphibious, 8 rings, camouflage 1, gelatinous body 1,
(nimble swimmer 1), tentacles
a: no special abilities


You were on level 2 of the Dungeon.
You visited 1 branch of the dungeon, and saw 2 of its levels.

You collected 63 gold pieces.

Inventory:

Scrolls
 c - a scroll of vulnerability {unknown}
 e - a scroll of identify {unknown}
 f - a scroll of poison {unknown}
 g - a scroll of blinking {unknown}
Potions
 a - a potion of ambrosia
 b - a potion of might {unknown}
 d - a potion of cancellation {unknown}


   Skills:
 + Level 3.3 Fighting
 + Level 3.3 Dodging
 + Level 3.4 Stealth
 + Level 3.3 Unarmed Combat
 + Level 1.0 Spellcasting


You had 4 spell levels left.
You didn't know any spells.
Your spell library was empty.

Dungeon Overview and Level Annotations

Branches:
Dungeon (2/15)

Altars:

Shops:
D:2 (


Innate Abilities, Weirdness & Mutations

You cannot wear most types of armour.
You are amphibious.
You can wear up to eight rings at the same time.
Your skin changes colour to match your surroundings (Stealth+).
Your rubbery body absorbs attacks. (AC +1, EV +1)
((You are camouflaged when in or above water. (Stealth+)))
You have tentacles for arms and can constrict up to eight enemies at once.


Message History

The rat twitches its whiskers.
The goblin barely misses you.
You tentacle-slap the goblin. Your grab misses the goblin.
The goblin is heavily wounded.
The goblin hits you with a +0 club. The bat hits you but does no damage.
You closely miss the goblin. Your grab misses the goblin.
The goblin is heavily wounded.
The bat barely misses you. The rat barely misses you.
The hobgoblin barely misses you. The goblin hits you with a +0 club.
The ball python closely misses you. The ball python grabs you.
The ball python constricts you.
Okay, then.
You tentacle-slap the ball python but do no damage.
Your grab misses the ball python. The bat hits you but does no damage.
The ball python barely misses you. The ball python constricts you.
The goblin misses you. The hobgoblin hits you. The rat barely misses you.
You tentacle-slap the goblin.
You kill the goblin!
The bat barely misses you. The ball python bites you.
The ball python constricts you. The rat closely misses you.
The hobgoblin barely misses you. The frilled lizard bites you.
The ball python barely misses you.
You tentacle-slap the hobgoblin. Your grab misses the hobgoblin.
The hobgoblin is heavily wounded.
The bat hits you but does no damage. The ball python bites you.
* * * LOW HITPOINT WARNING * * *
The ball python constricts you.
* * * LOW HITPOINT WARNING * * *
The frilled lizard bites you.
* * * LOW HITPOINT WARNING * * *
The hobgoblin closely misses you. The rat bites you.
* * * LOW HITPOINT WARNING * * *
The ball python completely misses you.
Okay, then.
You escape the ball python's grasp.
The rat attacks as you move away! The rat barely misses you.
The ball python attacks as you move away!
The ball python closely misses you.
Found 11 gold pieces.
The bat barely misses you. The bat closely misses you. The hobgoblin hits you.
You die...

..........#
.##.........##.
..............
#.......$..#
##..........#
............#
$#.^#........###
...####.......@S)......
.............rgbS.....#
.
......###.....l......#
#.
...#.##.....$.......#
..##.#.##<.#.........##
................#...##
.#.........########
#.##........#
#...........#


You could see a hobgoblin, a bat, 2 ball pythons, a frilled lizard and a rat.

Vanquished Creatures
  An adder (D:2)
  A worm (D:2)
  2 endoplasms
  4 goblins
  2 hobgoblins (D:1)
  6 jackals (D:1)
  2 quokkas
  2 ball pythons (D:1)
  4 bats (D:1)
  A kobold (D:1)
  7 rats
32 creatures vanquished.

Notes
Turn   | Place    | Note
-------+----------+-------------------------------------------
     0 | D:1      | inmateoo the Octopode Monk began the quest for the Orb.
     0 | D:1      | Reached XP level 1. HP: 16/16 MP: 1/1
   183 | D:1      | Reached XP level 2. HP: 21/21 MP: 2/2
   503 | D:1      | Found a faded altar of an unknown god.
   897 | D:1      | Reached XP level 3. HP: 21/26 MP: 4/4
  1276 | D:2      | Found Diydyjil's Weapon Emporium.
  1344 | D:2      | Reached skill level 1 in Spellcasting
  1364 | D:2      | Slain by a hobgoblin

Illustrated notes

Levels and vault maps discovered:
D:1:      dpeg_arrival_subterranean_lakeside_camping, layout_basic,
          chequers_ecumenical_altar_simple
D:2:      layout_rooms, serial_shops, nicolae_shop_bloodbath_and_beyond,
          minmay_misc_feat_square, guppyfry_early_orc_mine

Skill      XL: |  1  2  3 |
---------------+----------+-----
Stealth        | 3 |  3.4
Spellcasting   | 1 |  1.0
Fighting       | |  3.3
Dodging        | |  3.3
Unarmed Combat | |  3.3

Action                   || total
-------------------------++-------
Melee: Unarmed           ||    66
       Constrict         ||    18
       Tentacles         ||    16
       Punch             ||     5
 Stab: Sleeping          ||    11
Armor: Skin              ||    11
Dodge: Dodged            ||    66
